 Dungeon Crawl Stone Soup version 0.30-a0-728-gc68057be0a (webtiles) character file.

Game seed: 18398661782692750461

7160 drugrobin the Martial Artist (level 10, -8/121 HPs)
             Began as a Demigod Delver on Feb 1, 2023.
             Mangled by an orc knight
             ... wielding a +0 battleaxe
              (14 damage)
             ... in a bailey.
             The game lasted 00:36:19 (10909 turns).

drugrobin the Martial Artist (Demigod Delver)      Turns: 10909, Time: 00:36:19

Health: -8/121     AC:  9    Str: 13    XL:     10   Next: 56%
Magic:  13/13      EV: 19    Int: 12    God:
Gold:   382        SH:  0    Dex: 27    Spells: 1/9 levels left

rFire   + . .      SeeInvis .      - Unarmed
rCold   . . .      Faith    .    (no shield)
rNeg    . . .      Spirit   .    P - +0 steam dragon scales
rPois   .          Reflect  .    t - +1 helmet
rElec   .          Harm     .    V - scarf {repulsion}
rCorr   .          Rampage  .    o - +0 pair of gloves
Will    +....                    d - +0 pair of boots Stlth
                                 (no amulet)
HPRegen 0.40/turn                (no ring)
MPRegen 0.13/turn                M - ring of protection from fire

@: berserking (expiring), repel missiles, very quick
A: high MP 1, forlorn, divine attributes
a: no special abilities


You were in a bailey.
You visited 1 branch of the dungeon, and saw 10 of its levels.
You also visited: Bailey.

You collected 434 gold pieces.
You spent 52 gold pieces at shops.

Inventory:

Hand Weapons
 b - a +1 dagger of venom
 c - a +0 sling
 g - a +0 broad axe
Missiles
 i - 28 poisoned darts
 y - a curare-tipped dart
 C - 24 boomerangs
 Q - 3 atropa-tipped darts
 U - 5 throwing nets
Armour
 d - a +0 pair of boots (worn)
 o - a +0 pair of gloves (worn)
 r - a +0 cloak
 s - a +0 robe of willpower
 t - a +1 helmet (worn)
 J - a +1 chain mail of poison resistance
 P - +0 steam dragon scales (worn)
 V - a scarf of repulsion (worn)
Jewellery
 e - a ring of ice
 F - a ring of ice
 M - a ring of protection from fire (right hand)
Wands
 f - a wand of digging (9)
 m - a wand of iceblast (10)
 w - a wand of flame (19)
 L - a wand of mindburst (20)
 S - a wand of quicksilver (2)
Scrolls
 j - 6 scrolls of poison
 p - a scroll of fog
 q - 2 scrolls of vulnerability
 u - 6 scrolls of teleportation
 v - 5 scrolls of enchant armour
 K - a scroll of amnesia
 N - 2 scrolls of noise {unknown}
 O - 2 scrolls of enchant weapon {unknown}
 R - a scroll of torment
Potions
 h - 3 potions of might
 k - a potion of brilliance {unknown}
 l - 2 potions of magic {unknown}
 n - a potion of attraction
 x - a potion of cancellation {unknown}
 z - 3 potions of degeneration
 A - a potion of flight
 G - 3 potions of lignification
 H - 2 potions of curing
 T - a potion of invisibility {unknown}


   Skills:
 - Level 5.4 Fighting
 + Level 7.9 Dodging
 - Level 4.5 Stealth
 * Level 11.2 Unarmed Combat
 + Level 2.2 Transmutations
 - Level 5.0 Evocations


You had one spell level left.
You knew the following spells:

 Your Spells              Type           Power      Damage    Failure   Level
a - Poisonous Vapours     Pois/Air       0%         N/A       45%         2
b - Mephitic Cloud        Conj/Pois/Air  0%         N/A       69%         3
c - Ignite Poison         Fire/Tmut/Pois 1%         N/A       58%         3

Your spell library contained the following spells:

 Spells                   Type           Power      Damage    Failure   Level
 Cigotuvi's Dreadful Rot  Necr/Pois/Air  0%         N/A       45%         2
 Dazzling Flash           Conj/Hex       0%         N/A       69%         3
 Iskenderun's Mystic Bla  Conj/Tloc      0%         2d3       97%         4
 Olgreb's Toxic Radiance  Pois           0%         N/A       97%         4
 Sticky Flame             Conj/Fire      0%         2d3       97%         4
 Starburst                Conj/Fire      0%         6d3       100%        6
 Ozocubu's Refrigeration  Ice            0%         4d7       100%        7
 Ignition                 Fire           0%         3d3       100%        8


Dungeon Overview and Level Annotations

Branches:
Dungeon (10/15)            Temple (0/1) D:4          Bailey (1/1)
   Lair: D:8-11         Orc: D:9-12

Shops:
D:1 ::   D:3 (!

Annotations:
D:8 Erica


Innate Abilities, Weirdness & Mutations

You have an increased reservoir of magic. (+10% MP)
You shall have no god before yourself.
Your divine heritage dramatically boosts your attributes as you level up.


Message History

The orc knight hits you with a +0 battleaxe!
* * * LOW HITPOINT WARNING * * *
You barely miss the orc knight.
The orc knight is lightly wounded.
You closely miss the orc knight.
The orc knight is lightly wounded.
The orc knight hits you with a +0 battleaxe.
* * * LOW HITPOINT WARNING * * *
Unknown command.
Unknown command.
You barely miss the orc knight. Your punch misses the orc knight.
The orc knight is lightly wounded.
Unknown command.
Unknown command.
You barely miss the orc knight.
The orc knight is lightly wounded.
The orc knight hits you with a +0 battleaxe!!
* * * LOW HITPOINT WARNING * * *
Unknown command.
Unknown command.
Unknown command.
Unknown command.
Unknown command.
Unknown command.
You completely miss the orc knight.
The orc knight is lightly wounded.
Unknown command.
You punch the orc knight!
The orc knight is moderately wounded.
The orc knight barely misses you.
Unknown command.
Unknown command.
You closely miss the orc knight. You punch the orc knight.
The orc knight is heavily wounded.
Unknown command.
Unknown command.
You hit the orc knight but do no damage.
The orc knight is heavily wounded.
The orc knight hits you with a +0 battleaxe!
You die...

##~.......~##
####...####
#...# #...#
#.).# ##'''##
##..∩)†##
#....o).#
#...∩.@.#
##.....##
#######


You could see an orc knight.

Vanquished Creatures
  Harold (D:9)
  Amaemon (D:10)
  Maurice (D:9)
  Maggie (D:8)
  Psyche (D:8)
  An orange demon (D:10)
  Prince Ribbit (D:7)
  A shadow (D:9)
  4 yaks
  A wyvern (D:9)
  A water moccasin (D:7)
  4 orc warriors
  4 sky beasts
  2 ice beasts
  2 ogres
  A centaur (D:9)
  A phantom (D:6)
  5 kobold brigands
  4 scorpions
  3 necrophages
  10 wights
  3 killer bees (D:7)
  3 howler monkeys
  2 hounds (D:5)
  A jelly (D:6)
  3 gnoll boudas
  5 orc priests
  2 iguanas (D:5)
  Ijyb (D:3)
  Jessica (D:2)
  3 orc wizards
  Robin (D:2)
  13 gnolls
  8 adders
  A shadow imp (D:7)
  2 white imps (D:7)
  6 dart slugs
  19 orcs
  14 ball pythons
  6 bats
  7 endoplasms
  6 giant cockroaches
  14 goblins
  7 hobgoblins
  3 jackals (D:3)
  3 quokkas
  4 frilled lizards
  18 kobolds
  10 rats
216 creatures vanquished.

Vanquished Creatures (others)
  6 demonic plants (D:3)
  10 fungi
  3 plants (D:3)
  3 withered plants (D:3)
22 creatures vanquished.

Grand Total: 238 creatures vanquished

Notes
Turn   | Place    | Note
-------+----------+-------------------------------------------
     0 | D:5      | drugrobin the Demigod Delver began the quest for the Orb.
     0 | D:5      | Reached XP level 1. HP: 18/18 MP: 3/3
    12 | D:5      | Noticed a scorpion
    33 | D:5      | Noticed an iguana
    35 | D:5      | Noticed an ogre
    88 | D:5      | Reached skill level 2 in Unarmed Combat
   103 | D:4      | Reached XP level 2. HP: 24/25 MP: 4/4
   252 | D:3      | Reached skill level 3 in Unarmed Combat
   264 | D:3      | Reached XP level 3. HP: 30/30 MP: 5/5
   702 | D:2      | Noticed Jessica
   711 | D:2      | Killed Jessica
   712 | D:2      | Reached XP level 4. HP: 37/37 MP: 6/6
  1430 | D:1      | Reached skill level 4 in Unarmed Combat
  1566 | D:1      | Found Fuapt's Book Emporium.
  1580 | D:1      | Found Bosih's Book Boutique.
  2164 | D:3      | Noticed Robin
  2166 | D:3      | Noticed Ijyb
  2184 | D:3      | Found Ymen's Distillery.
  2189 | D:3      | Bought a potion of curing for 39 gold pieces
  2189 | D:3      | Bought a potion of degeneration for 13 gold pieces
  2278 | D:3      | Found Caklui's Antique Weapon Emporium.
  2546 | D:2      | Killed Robin
  2547 | D:2      | Reached XP level 5. HP: 42/42 MP: 7/7
  2953 | D:4      | Found a staircase to the Ecumenical Temple.
  3022 | D:4      | Reached skill level 5 in Unarmed Combat
  3114 | D:4      | Identified the +7 dagger of Bihyprob {freeze, Int+2}
  3291 | D:4      | Reached XP level 6. HP: 29/50 MP: 8/8
  4006 | D:6      | Learned a level 2 spell: Poisonous Vapours
  4229 | D:5      | Reached skill level 6 in Unarmed Combat
  4341 | D:5      | Reached XP level 7. HP: 55/56 MP: 9/9
  5028 | D:6      | Reached skill level 7 in Unarmed Combat
  5285 | D:6      | Reached skill level 5 in Dodging
  5541 | D:6      | Reached XP level 8. HP: 19/62 MP: 10/10
  6046 | D:3      | Killed Ijyb
  6322 | D:7      | Reached skill level 8 in Unarmed Combat
  6754 | D:7      | Reached skill level 1 in Evocations
  7532 | D:7      | Reached skill level 9 in Unarmed Combat
  7925 | D:8      | Noticed Maggie
  7937 | D:7      | Reached XP level 9. HP: 52/71 MP: 11/11
  8087 | D:8      | Noticed Prince Ribbit
  8099 | D:7      | Killed Prince Ribbit
  8791 | D:8      | Killed Maggie
  8827 | D:8      | Noticed Psyche
  8845 | D:8      | Killed Psyche
  8846 | D:8      | Reached skill level 10 in Unarmed Combat
  9083 | D:8      | Noticed Erica
  9247 | D:9      | Noticed Maurice
  9272 | D:9      | Killed Maurice
  9307 | D:9      | Reached skill level 5 in Fighting
  9545 | D:9      | Reached XP level 10. HP: 70/81 MP: 13/13
  9778 | D:9      | Noticed Harold
  9794 | D:9      | Killed Harold
 10009 | D:9      | Learned a level 3 spell: Mephitic Cloud
 10013 | D:9      | Learned a level 3 spell: Ignite Poison
 10491 | D:10     | Entered Level 10 of the Dungeon
 10532 | D:10     | Found a flagged portal.
 10532 | D:10     | Noticed Amaemon
 10550 | D:10     | Killed Amaemon
 10551 | D:10     | Reached skill level 11 in Unarmed Combat
 10551 | D:10     | Reached skill level 1 in Transmutations
 10611 | D:10     | Reached skill level 5 in Evocations
 10616 | D:10     | Identified the +3 hand axe "Soseomn" {pain, rF+}
 10698 | Bailey   | Entered a bailey
 10863 | Bailey   | Identified the +4 ring mail of Divine Compulsion {rF+
                  | Str+3}
 10865 | Bailey   | Noticed an orc knight
 10905 | Bailey   | HP: 5/121 [orc knight/+0 battleaxe (18)]
 10909 | Bailey   | Mangled by an orc knight

Illustrated notes

Levels and vault maps discovered:
D:1:      moated_graveyard_arrival, layout_loops_ring, serial_shops,
          shop_statue, nicolae_square_shop, minmay_pentomino_u2
D:2:      layout_basic, uniq_jessica
D:3:      layout_basic, serial_shops, nicolae_shop_hallway_plus,
          nicolae_square_shop, shapermc_ecumenical_altar_gd, serial_park_tiny_2,
          minmay_shallow_snake_nest, uniq_ijyb, uniq_robin
D:4:      layout_loops_ring, minmay_temple_entry_arrows,
          amcnicky_mini_corridor_feature
D:5:      layout_loops_ring, mainiacjoe_overflow_paths, serial_aquarium,
          aquarium_bridge_long_separate [aquarium_subvault_bridge,
          aquarium_subvault_bridge, aquarium_subvault_bridge,
          aquarium_subvault_bridge, aquarium_subvault_wall,
          aquarium_subvault_wall], aquarium_window_fake, aquarium_window_3,
          aquarium_view_2d, aquarium_view_2e, aquarium_balcony_1b
D:6:      layout_gridville
D:7:      layout_basic, nicolae_kikubaaqudgha_miasma_corner,
          gammafunk_temple_overflow_forgotten, feat_on_display
D:8:      layout_basic, serial_bayou_pond_e, uniq_psyche, uniq_prince_ribbit1,
          uniq_erica, uniq_maggie
D:9:      layout_roguey, grunt_decor_mini_mirrors, minivault_5, uniq_maurice,
          uniq_harold
D:10:     layout_roguey, enter_bailey_2, uniq_amaemon, uniq_urug
Bailey:   bailey_axe_3, bailey

Skill      XL: |  1  2  3  4  5  6  7  8  9 10 |
---------------+-------------------------------+-----
Unarmed Combat | 2 3 4 5 6 7 9 10 11 | 11.2
Dodging        | 2 3 4 5 6 7 |  7.9
Fighting       | 3 5 |  5.4
Evocations     | 2 4 5 |  5.0
Transmutations | 2 |  2.2
Stealth        | |  4.5

Action                     |  1- 3 |  4- 6 |  7- 9 | 10-12 || total
---------------------------+-------+-------+-------+-------++-------
  Melee: Unarmed           |    88 |   340 |   338 |   143 ||   909
         Broad axe         |     4 |    11 |       |       ||    15
         Punch             |     1 |     7 |    25 |    14 ||    47
         Dagger            |       |       |    69 |     7 ||    76
   Fire: Sling             |     8 |    27 |    16 |       ||    51
  Throw: Dart              |       |     3 |    15 |     6 ||    24
         Throwing net      |       |       |     1 |       ||     1
  Evoke: Wand              |     1 |     1 |    18 |     8 ||    28
    Use: Scroll            |       |     8 |     4 |     6 ||    18
         Potion            |       |     3 |     2 |     4 ||     9
   Stab: Paralysed         |     4 |    16 |       |       ||    20
         Sleeping          |     6 |    10 |     2 |     2 ||    20
         Held in net/web   |       |       |     2 |       ||     2
 Armour: Leather armour    |    22 |       |       |       ||    22
         Chain mail        |       |   142 |   137 |    10 ||   289
         Robe              |       |    27 |       |       ||    27
         Scale mail        |       |     1 |    52 |       ||    53
         Steam dragon scal |       |       |       |    21 ||    21
  Dodge: Dodged            |    59 |   115 |   141 |   125 ||   440

Table legend: (Time is in decaauts)
 A = Elapsed time spent in this place.
 B = Non-inter-level travel time spent in this place.
 C = Inter-level travel time spent in this place.
 D = Time resting spent in this place.
 E = Time spent auto-exploring this place.
 F = Levels seen in this place.
 G = Mean time per level.
                   A        B        C        D        E       F      G
               +--------+--------+--------+--------+--------+-----+--------+
         Total |  10810 |  10099 |    711 |   1829 |   5083 |  11 |  982.7 |
       Dungeon |  10616 |   9905 |    711 |   1829 |   5045 |  10 | 1061.6 |
        Bailey |    193 |    193 |      0 |      0 |     38 |   1 |  193.0 |
               +--------+--------+--------+--------+--------+-----+--------+

Top non-repeatable levels by time:
     D:7: 2133 daAuts
     D:6: 1308 daAuts
     D:9: 1302 daAuts
     D:4: 1192 daAuts
     D:3: 1106 daAuts
     D:5: 1054 daAuts
     D:2: 980 daAuts
     D:1: 860 daAuts
     D:8: 468 daAuts
    D:10: 208 daAuts
  Bailey: 193 daAuts
